 Dungeon Crawl Stone Soup version 0.30.0-5-g1a98f26d00 (webtiles) character file.

Game seed: 12825039820988878438

93 Descartes the Chiller (level 4, -2/24 HPs)
             Began as a Deep Elf Wanderer on May 11, 2023.
             Splashed by a jelly's acid (9 damage)
             ... on level 4 of the Dungeon.
             The game lasted 00:06:06 (2706 turns).

Descartes the Chiller (Deep Elf Wanderer)           Turns: 2706, Time: 00:06:07

Health: -2/24      AC:  0    Str: 11    XL:     4   Next: 36%
Magic:  9/11       EV: 12    Int: 19    God:
Gold:   181        SH:  0    Dex: 12    Spells: 6/10 levels left

rFire   . . .        a - +0 dagger
rCold   . . .        (no shield)
rNeg    . . .        e - +0 robe
rPois   .            l - +0 helmet
rElec   .            (no cloak)
rCorr   .            (no gloves)
SInv    .            (no boots)
Will    .....        (no amulet)
Stlth   +            (no ring)
HPRegen 0.24/turn    (no ring)
MPRegen 0.12/turn

%: no passive effects
@: corroded
A: no striking features
a: no special abilities


You were on level 4 of the Dungeon.
You visited 1 branch of the dungeon, and saw 4 of its levels.

You collected 181 gold pieces.

Inventory:

Hand Weapons
 a - a +0 dagger (weapon)
 p - a +0 shortbow
Missiles
 b - 8 boomerangs (quivered)
 m - 3 silver javelins
Armour
 e - a +0 robe (worn)
 l - a +0 helmet (worn)
Jewellery
 t - a ring of resist corrosion
Scrolls
 c - 2 scrolls of fog
 g - a scroll of enchant weapon {unknown}
 k - a scroll of brand weapon {unknown}
 n - a scroll of butterflies {unknown}
 q - a scroll of noise {unknown}
 r - a scroll of blinking {unknown}
 s - a scroll of fear {unknown}
Potions
 d - 3 potions of curing
 f - a potion of mutation {unknown}
 h - 5 potions of might {unknown}
 i - a potion of magic {unknown}
 j - 2 potions of haste {unknown}
 o - 3 potions of flight {unknown}
 u - a potion of heal wounds {unknown}


   Skills:
 - Level 2.0 Throwing
 - Level 1.0 Armour
 + Level 1.9 Dodging
 + Level 3.9 Spellcasting
 + Level 1.7 Conjurations
 + Level 4.8 Ice Magic
 - Level 1.0 Invocations
 + Level 1.7 Evocations


You had 6 spell levels left.
You knew the following spells:

 Your Spells              Type           Power      Damage    Failure   Level
a - Freeze                Ice            88%        1d9       1%          1
b - Frozen Ramparts       Ice            44%        1d7       5%          3

Your spell library contained the following spells:

 Spells                   Type           Power      Damage    Failure   Level
 Ozocubu's Armour         Ice            22%        N/A       5%          3


Dungeon Overview and Level Annotations

Branches:
Dungeon (4/15)
 Temple: D:4-7

Altars:
Vehumet


Message History

There is a stone staircase leading up here.
A jelly comes into view.
The jelly quivers.
The dart slug launches a dart at you. The slug dart hits you.
A goblin comes into view. It is wielding a +0 club.
Found a scroll labelled XEL XUIGEOM.
The dart slug launches a dart at you. The slug dart hits you.
Found 19 gold pieces.
The goblin shouts!
You hear an angry hiss.
A jelly comes into view.
The jelly barely misses you.
Casting: Freeze (safe; 1% risk of failure)
Confirm with . or Enter, or press ? or * to list all spells.
Aiming: Freeze (safe; 1% risk of failure)
Press: ? - help, Shift-Dir - straight line, f - jelly
Aim: a jelly You freeze the jelly.
The jelly is moderately wounded.
An adder comes into view.
The dart slug launches a dart at you. The slug dart hits you.
The jelly closely misses you.
Casting: Freeze (safe; 1% risk of failure)
Confirm with . or Enter, or press ? or * to list all spells.
Aiming: Freeze (safe; 1% risk of failure)
Press: ? - help, Shift-Dir - straight line, f/p - jelly
Aim: a jelly (moderately wounded)
You freeze the jelly.
The jelly is heavily wounded.
The adder hisses angrily.
The jelly hits you.
You are splashed with acid.
The jelly jiggles.
The jelly hits you.
You are splashed with acid.
The jelly attacks as you move away! The jelly misses you.
The jelly attacks as you move away! The jelly barely misses you.
The jelly attacks as you move away! The jelly hits you.
* * * LOW HITPOINT WARNING * * *
The acid corrodes you!
You are splashed with acid!
You die...

############
#..........###
#.............
#.......w..#
#..........#
#.....J...$#
#....@J....#
#...<......#
#..>.....g.....
#.....####......
#...... .....$
#...#..## ......
#...#..# .....
..###..# .?...
##. #..#


You could see 2 jellies, a dart slug and a goblin.

Vanquished Creatures
  4 adders
  2 worms
  2 orcs
  3 ball pythons
  4 endoplasms
  3 giant cockroaches
  4 goblins
  4 hobgoblins
  4 jackals (D:3)
  3 kobolds
  3 quokkas
  4 bats
  4 frilled lizards
  4 rats
48 creatures vanquished.

Notes
Turn   | Place    | Note
-------+----------+-------------------------------------------
     0 | D:1      | Descartes the Deep Elf Wanderer began the quest for the
                  | Orb.
     0 | D:1      | Descartes set off with the following items: a +0 dagger, 8
                  | boomerangs, a scroll of fog, a potion of curing, a +0 robe;
                  | and the following spell memorised: Freeze; and the
                  | following spells available to memorise: Frozen Ramparts,
                  | Ozocubu's Armour.
     0 | D:1      | Reached XP level 1. HP: 10/10 MP: 6/6
   169 | D:1      | Reached XP level 2. HP: 15/15 MP: 5/8
   415 | D:1      | Reached skill level 1 in Dodging
   791 | D:1      | Reached skill level 1 in Conjurations
   902 | D:2      | Reached skill level 1 in Evocations
  1043 | D:2      | Reached XP level 3. HP: 19/19 MP: 6/9
  1316 | D:2      | Learned a level 3 spell: Frozen Ramparts
  1974 | D:3      | Reached XP level 4. HP: 14/24 MP: 5/11
  2087 | D:3      | Found a radiant altar of Vehumet.
  2706 | D:4      | Splashed by a jelly's acid

Illustrated notes

Levels and vault maps discovered:
D:1:      psy_arrival_fountain, layout_loops_cross, minmay_misc_feat_five
D:2:      layout_loops_ring
D:3:      layout_basic, nicolae_vehumet_radiance
D:4:      layout_rooms, minmay_temple_entry_sparse_star, grunt_decor_resistance

Skill      XL: |  1  2 |
---------------+-------+-----
Dodging        | 1 |  1.9
Conjurations   | 1 |  1.7
Evocations     | 1 |  1.7
Throwing       | |  2.0
Armour         | |  1.0
Spellcasting   | |  3.9
Ice Magic      | |  4.8
Invocations    | |  1.0

Action                     |  1- 3 |  4- 6 || total
---------------------------+-------+-------++-------
  Melee: Dagger            |     2 |       ||     2
   Cast: Freeze            |    67 |    13 ||    80
 Armour: Robe              |    11 |     1 ||    12
  Dodge: Dodged            |    22 |     6 ||    28
